 Dungeon Crawl Stone Soup version 0.24.0-123-gd5b16e6ec5 (webtiles) character file.

Game seed: 3228603473120656496, levelgen mode: deterministic

50 hazymike the Caller (level 3, -5/18 HPs)
             Began as a Vine Stalker Summoner on Feb 13, 2020.
             Slain by Crazy Yiuf
             ... wielding a +3 quarterstaff of chaos
              (12 damage)
             ... on level 2 of the Dungeon.
             The game lasted 00:14:40 (2253 turns).

hazymike the Caller (Vine Stalker Summoner)         Turns: 2253, Time: 00:14:41

Health: -5/18      AC:  3    Str: 10    XL:     3   Next: 79%
Magic:  0/7        EV: 12    Int: 16    God:
Gold:   64         SH:  0    Dex: 14    Spells: 4/7 levels left

rFire    . . .     SeeInvis .   d - +0 whip
rCold    . . .     Gourm    .   (no shield)
rNeg     . . .     Faith    .   a - +0 robe
rPois    .         Spirit   +   q - +0 helmet
rElec    .         Reflect  .   (no cloak)
rCorr    .         Harm     .   (no gloves)
MR       .....                  (no boots)
Stlth    ++........             (no amulet)
HPRegen  0.06/turn              (no ring)
MPRegen  0.10/turn              (no ring)

@: no status effects
A: fangs 2, magic shield, antimagic bite, no potion heal 3, rot immunity
a: no special abilities


You were on level 2 of the Dungeon.
You were not hungry.

You visited 1 branch of the dungeon, and saw 2 of its levels.

You collected 64 gold pieces.

Inventory:

Hand Weapons
 d - a +0 whip (weapon)
Missiles
 e - 80 stones (quivered)
 r - 20 sling bullets
Armour
 a - a +0 robe (worn)
 q - a +0 helmet (worn)
Jewellery
 i - a cursed ring of teleportation {unknown}
Wands
 p - a wand of random effects (9)
Scrolls
 f - a scroll of blinking {unknown}
 h - 2 scrolls of amnesia {unknown}
 l - a scroll of identify {unknown}
 n - a scroll of enchant armour {unknown}
Potions
 b - 2 potions of heal wounds {unknown}
 g - a potion of degeneration {unknown}
 j - a potion of berserk rage {unknown}
 k - a potion of magic {unknown}
 o - a potion of mutation {unknown}
Comestibles
 c - 6 rations
 m - 3 chunks of flesh


   Skills:
 + Level 1.0 Fighting
 + Level 1.9 Dodging
 - Level 3.0 Stealth
 + Level 2.5 Spellcasting
 * Level 4.5 Summonings


You had 4 spell levels left.
You knew the following spells:

 Your Spells              Type           Power        Failure   Level  Hunger
a - Summon Small Mammal   Summ           ###.         3%          1    #......
b - Call Imp              Summ           ###.....     4%          2    ##.....

Your spell library contained the following spells:

 Spells                   Type           Power        Failure   Level  Hunger
 Call Canine Familiar     Summ           ###.....     10%         3    ###....
 Summon Guardian Golem    Hex/Summ       #.......     24%         3    ###....
 Summon Ice Beast         Ice/Summ       #.......     61%         4    #####..
 Summon Lightning Spire   Summ/Air       #.......     61%         4    #####..


Dungeon Overview and Level Annotations

Branches:
Dungeon (2/15)

Altars:

Annotations:
D:2 Crazy Yiuf, Sigmund


Innate Abilities, Weirdness & Mutations

You have extremely sharp teeth.
When hurt, damage is shared between your health and your magic reserves.
Your bite disrupts and absorbs the magic of your enemies.
Potions cannot restore your health.
You are immune to rotting.


Message History

Crazy Yiuf whimpers, "Snoogle forty-two sow!"
Items here: ))) [ a +0 dagger; a +0 club; a cursed -1 club; a cursed -2 animal skin Crazy Yiuf says, "Proton!
Cards chair hog."
Crazy Yiuf twirls on the spot.
Things that are here:
a +0 club; a kobold skeleton Crazy Yiuf yells, "Gum spinner testudinal!"
Crazy Yiuf yells, "You bag horse!"
Crazy Yiuf whimpers, "Cod!
Whippet foot spinner."
Crazy Yiuf twirls on the spot.
Crazy Yiuf hits you with a +3 quarterstaff of chaos!
Ouch! That really hurt!
Casting: Call Imp (safe; 4% risk of failure)
Confirm with . or Enter, or press ? or * to list all spells.
A beastly little devil appears in a puff of flame.
Crazy Yiuf screams, "Key noodlescoop seventy!"
Crazy Yiuf hits you with a +3 quarterstaff of chaos!
Ouch! That really hurt!
You die...

#.##.####....#$....)
#.##.# ##...........
#[##.# ####......?.
#.##.# #..>...@
#.##.# ........
#.##.# #......
#.##.# ###### #.##g#
#.##@# #.#.5# #...##
##..## #...# #<..#
#...# #...# #####


You could see Crazy Yiuf and a friendly crimson imp.

Vanquished Creatures
  A dart slug (D:1)
  2 giant cockroaches (D:1)
  4 goblins
  2 hobgoblins (D:1)
  4 bats
  8 kobolds
  5 rats
26 creatures vanquished.

Vanquished Creatures (collateral kills)
  Robin (D:2)
  3 worms
  6 goblins
  4 hobgoblins (D:2)
  2 kobolds (D:1)
  A bat (D:1)
  A frilled lizard (D:1)
18 creatures vanquished.

Grand Total: 44 creatures vanquished

Notes
Turn   | Place    | Note
-------+----------+-------------------------------------------
     0 | D:1      | hazymike the Vine Stalker Summoner began the quest for the
                  | Orb.
     0 | D:1      | Reached XP level 1. HP: 9/9 MP: 4/4
   675 | D:1      | Reached XP level 2. HP: 13/13 MP: 6/6
   679 | D:1      | Learned a level 2 spell: Call Imp
  1403 | D:1      | Reached XP level 3. HP: 17/17 MP: 4/7
  1684 | D:2      | Noticed Sigmund
  1833 | D:2      | Noticed Robin
  1863 | D:2      | Killed Robin
  1870 | D:2      | Reached skill level 1 in Fighting
  2178 | D:2      | Found a runed translucent door.
  2179 | D:2      | Noticed Crazy Yiuf
  2253 | D:2      | Slain by Crazy Yiuf

Levels and vault maps discovered:
D:1:      dpeg_arrival_stonehenge_8_columns, layout_basic
D:2:      layout_rooms, doesnt_xom_only_xom, uniq_crazy_yiuf_cottage,
          uniq_sigmund, uniq_robin

Skill      XL: |  1  2  3 |
---------------+----------+-----
Stealth        | 3 |  3.0
Fighting       | 1 |  1.0
Dodging        | |  1.9
Spellcasting   | |  2.5
Summonings     | |  4.5

Action                   || total
-------------------------++-------
Melee: Whip              ||    83
       Unarmed           ||    13
       Bite              ||    23
Throw: Stone             ||    38
 Cast: Summon Small Mamm ||     1
       Call Imp          ||    16
 Stab: Sleeping          ||     2
  Eat: Chunk             ||     5
Armor: Robe              ||    32
Dodge: Dodged            ||    74
